cohdb
Replays
Latest Replays
All Replays
Popular Replays
Top Player Replays
Match Explorer
How It Works
Community
CoH3 Stats
Reddit
Sign in to upload your games and track your stats! →
Sign in with Steam
Match 46743402
Unlisted
Match 46743402
Overview
Messages
Build Orders
End
Panzerpioneer Squad
Selects Panzerjäger Kommand Battlegroup
Selects Blockade Equipment
Panzergrenadier Squad
250 Light Carrier
Construct Light Support Kompanie
Assault Grenadier Squad
Fire Support Elements
Selects Tank Busters
2.5-tonne Medical Truck
Flakvierling Half-track
Selects Defensive Positions
Panzerjäger Mechanized Group
Construct Panzerarmee Kommand
Panzer III L Medium Tank
Vehicle Survival Package
Selects Butterfly Bomb Drop
Selects Crew Shock Tactics
Panzer III L Medium Tank
Panzer III L Medium Tank
Crew Shock Tactics
Serika
Max
Critical32
Boneless
infarkt48
Davidoff
0
0
Comments
sign in to comment!
No comments posted yet!